 Dungeon Crawl Stone Soup version 0.30-a0-737-gf23d94013f (webtiles) character file.

Game seed: 5751838314209034123

24728 Newt the Slicer (level 12, 0/86 HPs)
             Began as a Demonspawn Gladiator on Feb 2, 2023.
             Was a High Priest of Dithmenos.
             Slain by an orc knight
             ... wielding a +0 long sword
              (17 damage)
             ... on level 2 of the Orcish Mines.
             The game lasted 00:18:36 (12377 turns).

Newt the Slicer (Demonspawn Gladiator)             Turns: 12377, Time: 00:18:36

Health: 0/86       AC:  6    Str: 19    XL:     12   Next: 83%
Magic:  24/24      EV: 16    Int: 15    God:    Dithmenos [*****.]
Gold:   805        SH: 30    Dex: 22    Spells: 23/27 levels left

rFire   x . .      SeeInvis .    u - +7 dagger of Disaster {freeze, Fragile rElec Int+6}
rCold   + . .      Faith    .    U - +18 shield of the Gong {Loud rElec rN+ Will+ EV-5}
rNeg    + . .      Spirit   .    w - +0 ring mail "Ypsaxk Ilipt" {rPois Will+ Stlth+}
rPois   +          Reflect  .    (helmet restricted)
rElec   +          Harm     .    O - +0 cloak
rCorr   .          Rampage  .    (no gloves)
Will    ++...                    (no boots)
Stlth   ++++++                   G - amulet of regeneration
HPRegen 1.14/turn                n - +6 ring of dexterity
MPRegen 0.19/turn                g - ring of ice

@: agile, freezing walls, wreathed by umbra
A: claws 1, horns 2, powered by pain 2, condensation shield, weakness stinger 1
a: Renounce Religion, Shadow Step, Shadow Form


You were on level 2 of the Orcish Mines.
You worshipped Dithmenos.
Dithmenos was extremely pleased with you.
You visited 2 branches of the dungeon, and saw 13 of its levels.

You collected 805 gold pieces.

Inventory:

Hand Weapons
 a - a +0 rapier
 k - a +1 vampiric spear
 u - the +7 dagger of Disaster (weapon) {freeze, Fragile rElec Int+6}
   (You found it on level 3 of the Dungeon)

   Int:       It affects your intelligence (+6).
   rElec:     It insulates you from electricity.
   Fragile:   It will be destroyed if unequipped.
 M - a +4 dagger of freezing
Missiles
 d - 7 throwing nets (quivered)
 x - 37 poisoned darts
 y - 11 boomerangs
 L - 6 javelins
Armour
 b - a +0 leather armour
 c - a +0 helmet
 w - the +0 ring mail "Ypsaxk Ilipt" (worn) {rPois Will+ Stlth+}
   (You took it off a kobold on level 3 of the Dungeon)

   rPois:     It protects you from poison.
   Will:      It increases your willpower.
   Stlth:     It makes you more stealthy.
 I - +0 acid dragon scales
 N - a +1 kite shield
 O - a +0 cloak (worn)
 Q - a +0 troll leather armour
 U - the +18 shield of the Gong (worn) {Loud rElec rN+ Will+ EV-5}
   (You found it on level 10 of the Dungeon)

   Loud:      It is deafeningly noisy when blocking attacks.
   EV:        It affects your evasion (-5).
   rElec:     It insulates you from electricity.
   rN:        It protects you from negative energy.
   Will:      It increases your willpower.
Jewellery
 g - a ring of ice (right claw)
 n - a +6 ring of dexterity (left claw)
 t - a ring of protection from fire
 B - a ring of poison resistance
 G - an amulet of regeneration (around neck)
 J - an amulet of the acrobat
 T - a ring of magical power
Wands
 r - a wand of flame (11)
 D - a wand of roots (14)
 K - a wand of paralysis (14)
 S - a wand of light (4)
Scrolls
 e - 8 scrolls of teleportation
 f - 2 scrolls of enchant weapon
 h - a scroll of blinking
 i - 2 scrolls of magic mapping
 l - 2 scrolls of butterflies
 m - 3 scrolls of immolation
 v - 2 scrolls of amnesia
 C - a scroll of torment
 F - 4 scrolls of fear
 P - a scroll of poison
 Y - a scroll of enchant armour
Potions
 j - 2 potions of ambrosia
 o - 4 potions of curing
 p - a potion of degeneration
 q - 3 potions of might
 s - 2 potions of attraction
 z - a potion of haste
 A - 3 potions of lignification
 E - a potion of mutation {unknown}
 R - 3 potions of brilliance
 X - a potion of flight {unknown}
Miscellaneous
 V - a piece from Xom's chessboard (15/15)
 W - a phantom mirror


   Skills:
 - Level 5.0 Fighting
 - Level 10.0 Short Blades
 - Level 3.1 Throwing
 - Level 9.0 Dodging
 - Level 6.0 Stealth
 + Level 7.5 Shields
 - Level 8.2 Spellcasting
 - Level 8.2 Ice Magic


You had 23 spell levels left.
You knew the following spells:

 Your Spells              Type           Power      Damage    Failure   Level
a - Frozen Ramparts       Ice            92%        1d14      5%          3
b - Freeze                Ice            100%       1d10      1%          1

Your spell library contained the following spells:

 Spells                   Type           Power      Damage    Failure   Level
 Hailstorm                Conj/Ice       27%        3d7       30%         3
 Apportation              Tloc           12%        N/A       47%         1
 Sandblast                Erth           12%        2d6       47%         1
 Summon Small Mammal      Summ           24%        N/A       47%         1
 Lesser Beckoning         Tloc           12%        N/A       63%         2
 Passwall                 Tmut/Erth      5%         N/A       63%         2
 Sublimation of Blood     Necr           6%         N/A       63%         2
 Ice Form                 Ice/Tmut       27%        N/A       69%         4
 Summon Ice Beast         Ice/Summ       27%        N/A       69%         4
 Call Canine Familiar     Summ           6%         N/A       85%         3
 Gell's Gravitas          Tloc           6%         N/A       85%         3
 Kindle Blastsparks       Fire/Tloc/Air  12%        2d11      85%         3
 Stone Arrow              Conj/Erth      12%        3d7       85%         3
 Summon Guardian Golem    Hex/Summ       6%         N/A       85%         3
 Teleport Other           Tloc           6%         N/A       85%         3
 Anguish                  Hex/Necr       3%         N/A       99%         4
 Fulminant Prism          Conj/Hex       3%         3d5       99%         4
 Iskenderun's Mystic Bla  Conj/Tloc      6%         2d4       99%         4
 Petrify                  Tmut/Erth      6%         N/A       99%         4
 Irradiate                Conj/Tmut      3%         3d12      100%        5
 Lee's Rapid Deconstruct  Erth           3%         3d5*      100%        5
 Enfeeble                 Hex            3%         N/A       100%        7
 Malign Gateway           Summ/Tloc      3%         N/A       100%        7


Dungeon Overview and Level Annotations

Branches:
Dungeon (11/15)            Temple (0/1) D:7            Lair (0/5) D:10
    Orc (2/2) D:10
    Elf: Orc:2

Altars:
Cheibriados
Dithmenos
Fedhas
Kikubaaqudgha
Makhleb
Okawaru
Qazlal
Ru
Uskayaw
Vehumet
Xom
Yredelemnul

Shops:
D:2 !=:(   Orc:2 :

Annotations:
Orc:1 1 transporter


Innate Abilities, Weirdness & Mutations

You have sharp fingernails.
You have a pair of horns on your head.
You sometimes gain power by taking damage.
A meltable shield of frost defends you. (SH +0)
You have a small tail.


Message History

PANG!
You block the troll's attack.
BOUMMMMG!
The troll completely misses you.
The wall freezes the orc knight!
The orc knight hits you with a +0 long sword!
* * * LOW HITPOINT WARNING * * *
You focus on the pain.
You feel your power returning. You block the orc warrior's attack.
BOUMMMMG!
The wall freezes the orc warrior.
The orc warrior closely misses you.
The orc knight roars a battlecry!
The orc knight goes into a battle-frenzy!
Unknown command.
You feel much better. You block the orc warrior's attack.
GONNNNG!
The wall freezes the orc knight but does no damage.
The orc knight hits you with a +0 long sword!
* * * LOW HITPOINT WARNING * * *
The wall freezes the troll!
You block the troll's attack.
SHROANNG!
The troll claws you.
* * * LOW HITPOINT WARNING * * *
The troll barely misses you.
The wall freezes the orc warrior!
The orc warrior misses you.
You hear a shout!
You hear a howl!
You hit the troll. You freeze the troll. You tail-slap the troll.
The troll is almost dead.
You closely miss the troll.
You headbutt the troll, but do no damage.
You tail-slap the troll.
You kill the troll!
Dithmenos accepts your kill.
The troll leather armour is intact enough to wear.
The wall freezes the orc warrior.
You block the orc warrior's attack.
PANG!
You block the orc warrior's attack.
PANG!
The wall freezes the orc knight but does no damage.
The orc knight hits you with a +0 long sword!
You die...

#......)).)# #....##
........#)## #......
#.##.#####)###......###.
....## ##.......# .....
.... #........# .....
#... ##.......# ......
.#.. #...PP....##......
. #.P.......#)..§o..
..P........@o..o.#
...PP.......o[o.§...
.......∩..8...#.....
.............. .#.#
........P..##. # #
..........# ##
.P.....P.. ...P.#$..


You could see 2 orc knights, 2 orc warriors and an orc (strong).

Vanquished Creatures
  Josephine (Orc:1)
  Harold (D:10)
  A boulder beetle (D:11)
  A centaur warrior (D:11)
  2 two-headed ogres
  Erica (D:10)
  An orc high priest (Orc:2)
  3 death yaks (D:10)
  An orc knight (Orc:2)
  The ghost of TheSexyCheese the Ducker, a novice DsGl of Okawaru (D:7)
  2 orc sorcerers (Orc:2)
  A cyclops (D:9)
  A manticore (D:11)
  An ice statue (D:10)
  Maggie (D:8)
  2 kobold demonologists (D:10)
  2 unseen horrors
  5 trolls
  2 hornets
  2 shadows
  4 wraiths
  29 yaks
  2 wyverns
  4 steam dragons
  3 wargs (Orc:2)
  Edmund (D:4)
  2 acid dragons
  Menkaure (D:5)
  4 water moccasins
  12 orc warriors
  An ice beast (D:6)
  A sky beast (D:7)
  2 ogres
  4 black bears
  2 centaurs
  A phantom (D:4)
  7 kobold brigands
  2 bullfrogs
  3 necrophages
  3 gnoll sergeants
  A scorpion (D:4)
  16 wights
  18 killer bees
  An electric eel (D:9)
  A howler monkey (D:11)
  5 jellies
  A gnoll bouda (D:7)
  9 orc priests
  Crazy Yiuf (D:7)
  3 hounds
  Jessica (D:3)
  Ijyb (D:3)
  5 iguanas
  5 orc wizards
  16 gnolls
  13 adders
  2 shadow imps
  2 white imps
  An ufetubus (D:7)
  8 dart slugs
  40 orcs
  4 bats
  8 endoplasms
  5 giant cockroaches
  14 hobgoblins
  7 jackals
  36 kobolds
  3 quokkas
  7 ball pythons
  2 frilled lizards
  3 goblins
  5 rats
364 creatures vanquished.

Vanquished Creatures (others)
  2 kobolds (D:9)
  5 fungi (Orc:2)
  5 toadstools (D:6)
12 creatures vanquished.

Grand Total: 376 creatures vanquished

Notes
Turn   | Place    | Note
-------+----------+-------------------------------------------
     0 | D:1      | Newt the Demonspawn Gladiator began the quest for the Orb.
     0 | D:1      | Reached XP level 1. HP: 16/16 MP: 1/1
    18 | D:1      | Reached skill level 1 in Stealth
    33 | D:1      | Discovered your monstrous ancestry.
    33 | D:1      | Gained mutation: You have a small tail. [demonic ancestry]
    33 | D:1      | Reached XP level 2. HP: 13/22 MP: 2/2
   576 | D:1      | Gained mutation: You have a pair of small horns on your
                  | head. [demonic ancestry]
   576 | D:1      | Reached XP level 3. HP: 29/29 MP: 3/3
   889 | D:2      | Found Tucke's Jewellery Boutique.
   955 | D:2      | Found Rim Fay's Weapon Shop.
  1096 | D:2      | Found Faull's Book Boutique.
  1129 | D:2      | Gained mutation: You have sharp fingernails. [demonic
                  | ancestry]
  1129 | D:2      | Reached XP level 4. HP: 37/37 MP: 4/4
  1414 | D:2      | Found Igraes's Distillery.
  1565 | D:3      | Noticed Jessica
  1569 | D:3      | Killed Jessica
  1570 | D:3      | Reached skill level 5 in Fighting
  1570 | D:3      | Reached XP level 5. HP: 39/44 MP: 5/5
  1806 | D:3      | Learned a level 3 spell: Frozen Ramparts
  1954 | D:3      | Noticed Ijyb
  1977 | D:3      | Killed Ijyb
  2140 | D:3      | Identified the +0 ring mail "Ypsaxk Ilipt" {rPois Will+
                  | Stlth+}
  2153 | D:3      | Identified the +7 dagger of Disaster {freeze, Fragile rElec
                  | Int+6}
  2374 | D:4      | Noticed an ogre
  2384 | D:4      | Killed an ogre
  2385 | D:4      | Reached skill level 1 in Spellcasting
  2385 | D:4      | Reached skill level 1 in Ice Magic
  2385 | D:4      | Gained mutation: You sometimes gain a little power by
                  | taking damage. [demonic ancestry]
  2385 | D:4      | Reached XP level 6. HP: 10/51 MP: 5/8
  2585 | D:4      | Found a snail-covered altar of Cheibriados.
  2757 | D:4      | Noticed a +0 falchion
  2758 | D:4      | Noticed a +0 dagger
  2776 | D:4      | Found a hide-covered altar of Uskayaw.
  2776 | D:4      | Noticed a +0 dagger
  2776 | D:4      | Noticed a +0 spear
  2776 | D:4      | Noticed a +0 falchion
  2778 | D:4      | Noticed a +0 spear
  2779 | D:4      | Noticed a +0 short sword
  2780 | D:4      | Noticed a +0 short sword
  2846 | D:4      | Found a shimmering altar of Xom.
  2859 | D:4      | Noticed Edmund
  2873 | D:4      | Killed Edmund
  3088 | D:4      | Found a stormy altar of Qazlal.
  3118 | D:4      | Reached XP level 7. HP: 41/56 MP: 9/11
  3519 | D:4      | Found an ancient bone altar of Kikubaaqudgha.
  3643 | D:5      | Entered Level 5 of the Dungeon
  3791 | D:5      | Noticed a wyvern
  3800 | D:5      | Killed a wyvern
  3946 | D:5      | Gained mutation: You have a pair of horns on your head.
                  | [demonic ancestry]
  3946 | D:5      | Reached XP level 8. HP: 62/62 MP: 14/14
  3957 | D:5      | Noticed Menkaure
  3964 | D:5      | Killed Menkaure
  4241 | D:5      | Reached skill level 5 in Spellcasting
  4241 | D:5      | Reached skill level 5 in Ice Magic
  5119 | D:6      | Reached XP level 9. HP: 43/68 MP: 18/18
  5648 | D:7      | Found a shadowy altar of Dithmenos.
  5661 | D:7      | Became a worshipper of Dithmenos the Shadowed
  5674 | D:7      | Noticed TheSexyCheese's ghost (novice DsGl)
  5676 | D:7      | Found a transporter.
  5683 | D:7      | Found a basalt altar of Yredelemnul.
  5895 | D:7      | Learned a level 1 spell: Freeze
  5916 | D:7      | Killed TheSexyCheese's ghost
  6257 | D:7      | Found a transporter.
  6387 | D:7      | Reached skill level 3 in Short Blades
  6634 | D:7      | Reached skill level 4 in Short Blades
  6646 | D:7      | Reached XP level 10. HP: 60/74 MP: 19/22
  6696 | D:7      | Found a staircase to the Ecumenical Temple.
  6707 | D:7      | Reached * piety under Dithmenos
  6982 | D:7      | Reached skill level 5 in Short Blades
  6992 | D:7      | Found a burning altar of Makhleb.
  7186 | D:7      | Found an iron altar of Okawaru.
  7315 | D:7      | Found a runed translucent door.
  7316 | D:7      | Noticed Crazy Yiuf
  7551 | D:7      | Killed Crazy Yiuf
  7701 | D:8      | Noticed Maggie
  7719 | D:8      | Killed Maggie
  7720 | D:8      | Reached skill level 6 in Short Blades
  8198 | D:8      | Reached skill level 7 in Short Blades
  8777 | D:9      | Noticed a two-headed ogre
  8784 | D:9      | Reached ** piety under Dithmenos
  8789 | D:9      | Killed a two-headed ogre
  8790 | D:9      | Reached skill level 8 in Short Blades
  8926 | D:9      | Reached skill level 9 in Short Blades
  8963 | D:9      | Gained mutation: You sometimes gain power by taking damage.
                  | [demonic ancestry]
  8963 | D:9      | Reached XP level 11. HP: 79/79 MP: 20/23
  9451 | D:9      | Found a sacrificial altar of Ru.
  9451 | D:9      | Found a blossoming altar of Fedhas.
  9462 | D:9      | Found a radiant altar of Vehumet.
  9464 | D:9      | Reached skill level 10 in Short Blades
  9681 | D:10     | Entered Level 10 of the Dungeon
  9702 | D:10     | Found the +18 shield of the Gong {Loud rElec rN+ Will+
                  | EV-5}
  9711 | D:10     | Reached *** piety under Dithmenos
 10043 | D:10     | Noticed a two-headed ogre
 10050 | D:10     | Killed a two-headed ogre
 10051 | D:10     | Reached skill level 5 in Stealth
 10212 | D:10     | Found a staircase to the Orcish Mines.
 10347 | D:10     | Noticed a death yak
 10348 | D:10     | Found a staircase to the Lair.
 10348 | D:10     | Noticed a death yak
 10348 | D:10     | Noticed Harold
 10357 | D:10     | Killed a death yak
 10360 | D:10     | Noticed a death yak
 10370 | D:10     | Killed a death yak
 10378 | D:10     | Killed a death yak
 10379 | D:10     | Reached skill level 5 in Dodging
 10386 | D:10     | Killed Harold
 10464 | D:10     | Reached **** piety under Dithmenos
 10532 | D:10     | Noticed Erica
 10542 | D:10     | Killed Erica
 10963 | D:10     | Gained mutation: A meltable shield of frost defends you.
                  | (SH +0) [demonic ancestry]
 10963 | D:10     | Reached XP level 12. HP: 86/86 MP: 21/24
 11377 | D:10     | Got the Atlas of the Excursion
 11504 | D:11     | Noticed a boulder beetle
 11511 | D:11     | Killed a boulder beetle
 11569 | D:11     | Noticed a centaur warrior
 11580 | D:11     | Killed a centaur warrior
 11658 | D:11     | Reached skill level 1 in Shields
 11977 | D:11     | Found an iron altar of Okawaru.
 12090 | Orc:1    | Entered Level 1 of the Orcish Mines
 12092 | Orc:1    | Noticed Josephine
 12103 | Orc:1    | Killed Josephine
 12148 | Orc:1    | Reached skill level 5 in Shields
 12218 | Orc:1    | Noticed an orc high priest
 12218 | Orc:1    | Noticed a two-headed ogre
 12219 | Orc:1    | Found a transporter.
 12219 | Orc:1    | Noticed an orc warlord
 12253 | Orc:2    | Entered Level 2 of the Orcish Mines
 12266 | Orc:2    | Noticed an orc high priest
 12286 | Orc:2    | Killed an orc high priest
 12296 | Orc:2    | Reached ***** piety under Dithmenos
 12357 | Orc:2    | Found Jadghannei's Book Shoppe.
 12377 | Orc:2    | Slain by an orc knight

Illustrated notes

Levels and vault maps discovered:
D:1:      amcnicky_arrival_choice, layout_rooms
D:2:      layout_basic, serial_shops, shop, nicolae_shop_hallway_plus, shop,
          shop, kennysheep_generic_room_13
D:3:      layout_basic, minmay_checkerbox, uniq_jessica, uniq_ijyb
D:4:      layout_basic, nicolae_uskayaw_en_pointe, lemuel_tele_altar,
          lemuel_zombie_altar_kikubaaqudgha, overflow_temple_1_default,
          mainiacjoe_overflow_brackets, uniq_edmund
D:5:      layout_layer_cave, uniq_menkaure
D:6:      layout_loops_ring, minmay_gold_behind_fungi, kennysheep_generic_room_7
D:7:      layout_loops_corners, bloody_makhleb, yredelemnul_altar_generic,
          general_overflow_altar, grunt_dithmenos_smoke_and_mirrors,
          minmay_temple_entry_slanted, nzn_ghost_randoct, minmay_misc_feat_tiny,
          uniq_crazy_yiuf_cottage
D:8:      layout_loops_corners, uniq_maggie
D:9:      layout_loops_ring, chequers_temple_overflow_minitemple,
          lightli_minifort
D:10:     layout_stronghold, dpeg_lair_monsters, david_orc_2, minivault_15,
          uniq_harold, uniq_erica
D:11:     layout_basic, okawaru_altar_gauntlet_db
Orc:1:    gammafunk_beogh_shrine, layout_diamond_mine, uniq_josephine
Orc:2:    grunt_orc_gardens, layout_diamond_mine, grunt_orc_garden,
          grunt_orc_garden, grunt_orc_garden, grunt_orc_garden

Skill      XL: |  1  2  3  4  5  6  7  8  9 10 11 12 |
---------------+-------------------------------------+-----
Stealth        | 1 6 |  6.0
Fighting       | 3 5 |  5.0
Throwing       | 2 3 |  3.1
Spellcasting   | 1 2 4 6 8 |  8.2
Ice Magic      | 1 2 4 6 8 |  8.2
Short Blades   | 4 9 10 | 10.0
Dodging        | 7 9 |  9.0
Shields        | 7 |  7.5

Action                     |  1- 3 |  4- 6 |  7- 9 | 10-12 || total
---------------------------+-------+-------+-------+-------++-------
  Melee: Rapier            |    86 |       |       |       ||    86
         Tailslap          |    15 |    17 |    24 |    98 ||   154
         Punch             |     1 |     2 |     4 |     1 ||     8
         Spear             |    68 |   108 |       |       ||   176
         Headbutt          |    11 |    26 |    55 |   136 ||   228
         Dagger            |       |    25 |   193 |   480 ||   698
  Throw: Javelin           |     1 |       |       |     4 ||     5
         Throwing net      |       |     3 |     3 |     1 ||     7
         Dart              |       |       |     4 |     1 ||     5
   Cast: Frozen Ramparts   |       |       |    13 |    35 ||    48
         Freeze            |       |       |     2 |     6 ||     8
  Evoke: Wand              |       |       |     1 |       ||     1
    Use: Scroll            |    10 |     4 |     4 |     4 ||    22
         Potion            |       |       |       |     2 ||     2
   Stab: Sleeping          |     3 |     6 |     9 |    13 ||    31
         Held in net/web   |       |     3 |     2 |       ||     5
         Distracted        |       |       |       |     2 ||     2
 Armour: Leather armour    |    46 |    22 |       |       ||    68
         Ring mail         |       |     2 |    23 |    67 ||    92
  Dodge: Dodged            |   114 |    67 |    82 |   138 ||   401
  Block: Kite shield       |       |       |       |   317 ||   317

Table legend: (Time is in decaauts)
 A = Elapsed time spent in this place.
 B = Non-inter-level travel time spent in this place.
 C = Inter-level travel time spent in this place.
 D = Time resting spent in this place.
 E = Time spent auto-exploring this place.
 F = Levels seen in this place.
 G = Mean time per level.
                   A        B        C        D        E       F      G
               +--------+--------+--------+--------+--------+-----+--------+
         Total |  12252 |  11860 |    392 |   2708 |   7083 |  13 |  942.5 |
       Dungeon |  12015 |  11637 |    378 |   2675 |   6993 |  11 | 1092.3 |
  Orcish Mines |    237 |    224 |     13 |     33 |     90 |   2 |  118.5 |
               +--------+--------+--------+--------+--------+-----+--------+

Top non-repeatable levels by time:
     D:7: 1966 daAuts
    D:10: 1796 daAuts
     D:4: 1334 daAuts
     D:8: 1172 daAuts
     D:5: 1068 daAuts
     D:9: 919 daAuts
     D:6: 878 daAuts
     D:2: 790 daAuts
     D:1: 789 daAuts
     D:3: 740 daAuts
    D:11: 557 daAuts
   Orc:1: 136 daAuts
   Orc:2: 100 daAuts
